 Dungeon Crawl Stone Soup version 0.24.1-8-ga250c9d538 (webtiles) character file.

Game seed: 146402203181846012, levelgen mode: deterministic

292 Gwenloh the Insei (level 6, 0/47 HPs)
             Began as a Gnoll Transmuter on May 9, 2020.
             Slain by an ice beast (10 damage)
             ... on level 3 of the Dungeon.
             The game lasted 00:09:15 (2816 turns).

Gwenloh the Insei (Gnoll Transmuter)                Turns: 2816, Time: 00:09:15

Health: 0/47       AC:  2    Str: 12    XL:     6   Next: 33%
Magic:  12/14      EV: 24    Int: 17    God:
Gold:   227        SH:  0    Dex: 21    Spells: 5/15 levels left

rFire    . . .     SeeInvis .     - Unarmed
rCold    . . .     Gourm    .   (shield currently unavailable)
rNeg     . . .     Faith    .   (armour currently unavailable)
rPois    x         Spirit   .   (helmet currently unavailable)
rElec    .         Reflect  .   (cloak currently unavailable)
rCorr    .         Harm     .   (gloves currently unavailable)
MR       .....                  (boots currently unavailable)
Stlth    ++........             l - amulet of rage
HPRegen  0.15/turn              (no ring)
MPRegen  0.14/turn              (no ring)

@: spider-form (expiring)
A: tiny, distributed training, strong nose
a: End Transformation, Evoke Berserk Rage


You were on level 3 of the Dungeon.
You were hungry.
You were a venomous arachnid creature.
You visited 1 branch of the dungeon, and saw 4 of its levels.

You collected 227 gold pieces.

Inventory:

Hand Weapons
 t - a +0 trident (melded)
 v - a +0 mace
Missiles
 a - 87 arrows
 k - 71 stones (quivered)
 u - 3 throwing nets
Armour
 b - a +0 robe
 w - a +2 animal skin (melded)
 x - a +0 helmet (melded)
Jewellery
 l - an amulet of rage (around neck)
Wands
 y - a wand of flame (15)
Scrolls
 c - a scroll of immolation {unknown}
 e - 6 scrolls of identify {unknown}
 h - 2 scrolls of amnesia {unknown}
 n - a scroll of fear {unknown}
 o - a scroll of remove curse {unknown}
 q - a scroll of magic mapping {unknown}
 r - a scroll of enchant weapon {unknown}
Potions
 g - 3 potions of curing {unknown}
 i - a potion of ambrosia {unknown}
 j - a potion of magic {unknown}
 m - a potion of degeneration {unknown}
 p - a potion of agility
 s - a potion of haste {unknown}
Comestibles
 d - 6 rations
 z - 8 chunks of flesh


   Skills:
 + Level 3.2 Fighting
 + Level 1.8 Short Blades
 + Level 1.8 Long Blades
 + Level 1.8 Axes
 + Level 1.8 Maces & Flails
 + Level 1.8 Polearms
 + Level 1.8 Staves
 + Level 1.8 Slings
 + Level 1.8 Bows
 + Level 1.8 Crossbows
 + Level 1.8 Throwing
 + Level 1.8 Armour
 + Level 4.9 Dodging
 + Level 1.8 Stealth
 + Level 1.8 Shields
 + Level 6.8 Unarmed Combat
 + Level 5.3 Spellcasting
 + Level 1.4 Conjurations
 + Level 1.4 Hexes
 + Level 1.4 Charms
 + Level 1.4 Summonings
 + Level 1.4 Necromancy
 + Level 1.4 Translocations
 + Level 4.1 Transmutations
 + Level 1.4 Fire Magic
 + Level 1.4 Ice Magic
 + Level 1.4 Air Magic
 + Level 1.4 Earth Magic
 + Level 1.4 Poison Magic
 + Level 2.0 Invocations
 + Level 1.8 Evocations


You had 5 spell levels left.
You knew the following spells:

 Your Spells              Type           Power        Failure   Level  Hunger
a - Beastly Appendage     Tmut           ###...       10%         1    None
b - Sticks to Snakes      Tmut           ###.....     12%         2    #......
c - Spider Form           Tmut/Pois      ##........   30%         3    ##.....
d - Ice Form              Ice/Tmut       ##......     63%         4    ####...

Your spell library contained the following spells:

 Spells                   Type           Power        Failure   Level  Hunger
 Blade Hands              Tmut           ###.......   77%         5    ######.


Dungeon Overview and Level Annotations

Branches:
Dungeon (4/15)
 Temple: D:4-7

Altars:
Qazlal
Zin


Innate Abilities, Weirdness & Mutations

Your experience applies equally to all skills.
((You have very sharp teeth.))
Your uncanny sense of smell can sniff out nearby items.


Message History

Confirm with . or Enter, or press ? or * to list all spells.
Your talons disappear.
You turn into a venomous arachnid creature.
Your +0 trident melds into your body.
Your +0 helmet melds into your body.
Your +2 animal skin melds into your body.
You are feeling hungry.
The ice beast misses you.
You hit the ice beast.
The ice beast is moderately wounded.
The ice beast hits you. The ice beast freezes you.
* * * LOW HITPOINT WARNING * * *
There is a stone staircase leading up here.
The ice beast misses you.
You climb upwards.
Your transformation is almost over.
There is a stone staircase leading down here.
The ice beast hits you.
* * * LOW HITPOINT WARNING * * *
The ice beast freezes you!
You die...

#.## #[.# #.# #..#
#..# #.# ##รท# #..#
#.# #.## #..# #.# #..#
#..####.# ##.##
#.......# #..#
#.##....#
##.####.##....#######
#....s...##........###
#...Y....###.#####....
#........# #.# ##.##
##.>.....# #.# #.#
#.......###.# #.##
#...........## #...
#.......##...## ###.
#.............## #.
##########..#..######


You could see an ice beast.

Vanquished Creatures
  A bullfrog skeleton (D:4)
  2 hounds (D:4)
  A worker ant (D:4)
  Robin (D:3)
  5 adders
  4 gnolls (D:2)
  2 oozes
  2 worms
  3 dart slugs (D:2)
  A ball python (D:1)
  8 bats
  5 giant cockroaches
  8 goblins
  7 hobgoblins
  5 jackals (D:2)
  4 kobolds (D:1)
  5 frilled lizards
  7 rats
71 creatures vanquished.

Notes
Turn   | Place    | Note
-------+----------+-------------------------------------------
     0 | D:1      | Gwenloh the Gnoll Transmuter began the quest for the Orb.
     0 | D:1      | Reached XP level 1. HP: 17/17 MP: 6/6
   273 | D:1      | Reached XP level 2. HP: 18/23 MP: 5/7
   294 | D:1      | Learned a level 2 spell: Sticks to Snakes
   779 | D:1      | Reached XP level 3. HP: 27/28 MP: 9/9
   969 | D:2      | Found a glowing silver altar of Zin.
   975 | D:2      | Reached skill level 5 in Spellcasting
  1052 | D:2      | Learned a level 3 spell: Spider Form
  1075 | D:2      | Reached skill level 1 in Invocations
  1342 | D:2      | Reached skill level 1 in Short Blades
  1342 | D:2      | Reached skill level 1 in Long Blades
  1342 | D:2      | Reached skill level 1 in Axes
  1342 | D:2      | Reached skill level 1 in Maces & Flails
  1342 | D:2      | Reached skill level 1 in Polearms
  1342 | D:2      | Reached skill level 1 in Staves
  1342 | D:2      | Reached skill level 1 in Slings
  1342 | D:2      | Reached skill level 1 in Bows
  1342 | D:2      | Reached skill level 1 in Crossbows
  1342 | D:2      | Reached skill level 1 in Throwing
  1342 | D:2      | Reached skill level 1 in Armour
  1342 | D:2      | Reached skill level 1 in Stealth
  1342 | D:2      | Reached skill level 1 in Shields
  1342 | D:2      | Reached skill level 1 in Evocations
  1467 | D:2      | Found a stormy altar of Qazlal.
  1537 | D:2      | Reached XP level 4. HP: 34/34 MP: 9/11
  1967 | D:2      | Reached skill level 1 in Conjurations
  1967 | D:2      | Reached skill level 1 in Hexes
  1967 | D:2      | Reached skill level 1 in Charms
  1967 | D:2      | Reached skill level 1 in Summonings
  1967 | D:2      | Reached skill level 1 in Necromancy
  1967 | D:2      | Reached skill level 1 in Translocations
  1967 | D:2      | Reached skill level 1 in Fire Magic
  1967 | D:2      | Reached skill level 1 in Ice Magic
  1967 | D:2      | Reached skill level 1 in Air Magic
  1967 | D:2      | Reached skill level 1 in Earth Magic
  1967 | D:2      | Reached skill level 1 in Poison Magic
  1973 | D:2      | Reached XP level 5. HP: 40/40 MP: 10/12
  2256 | D:3      | Noticed Robin
  2274 | D:3      | Killed Robin
  2715 | D:4      | Learned a level 4 spell: Ice Form
  2726 | D:4      | Reached XP level 6. HP: 46/47 MP: 6/13
  2790 | D:4      | Noticed an ice beast
  2816 | D:3      | Slain by an ice beast

Levels and vault maps discovered:
D:1:      erik_arrival_cave_to_civilisation [erik_arrival_cave_to_hall],
          layout_basic
D:2:      layout_basic, old_standard_altar, zin_academy, first_ration,
          hex_medium
D:3:      layout_rooms, uniq_robin
D:4:      layout_rooms, minitemple

Skill      XL: |  1  2  3  4  5  6 |
---------------+-------------------+-----
Spellcasting   | 5 |  5.3
Invocations    | 1 2 |  2.0
Short Blades   | 1 |  1.8
Long Blades    | 1 |  1.8
Axes           | 1 |  1.8
Maces & Flails | 1 |  1.8
Polearms       | 1 |  1.8
Staves         | 1 |  1.8
Slings         | 1 |  1.8
Bows           | 1 |  1.8
Crossbows      | 1 |  1.8
Throwing       | 1 |  1.8
Armour         | 1 |  1.8
Stealth        | 1 |  1.8
Shields        | 1 |  1.8
Evocations     | 1 |  1.8
Conjurations   | 1 |  1.4
Hexes          | 1 |  1.4
Charms         | 1 |  1.4
Summonings     | 1 |  1.4
Necromancy     | 1 |  1.4
Translocations | 1 |  1.4
Fire Magic     | 1 |  1.4
Ice Magic      | 1 |  1.4
Air Magic      | 1 |  1.4
Earth Magic    | 1 |  1.4
Poison Magic   | 1 |  1.4
Fighting       | 3 |  3.2
Transmutations | 4 |  4.1
Dodging        | |  4.9
Unarmed Combat | |  6.8

Action                   |  1- 3 |  4- 6 || total
-------------------------+-------+-------++-------
Melee: Unarmed           |    64 |    49 ||   113
       Kick              |    11 |     2 ||    13
       Bite              |     5 |     4 ||     9
       Trident           |       |    29 ||    29
       Headbutt          |       |     2 ||     2
       Punch             |       |     1 ||     1
Throw: Stone             |    47 |     6 ||    53
       Boomerang         |     2 |    37 ||    39
 Cast: Beastly Appendage |    19 |     6 ||    25
       Spider Form       |     1 |     5 ||     6
Evoke: Wand              |       |     2 ||     2
 Stab: Sleeping          |       |     1 ||     1
  Eat: Chunk             |     2 |     4 ||     6
Armor: Robe              |     6 |     3 ||     9
       Skin              |       |     6 ||     6
       Animal skin       |       |     3 ||     3
Dodge: Dodged            |    43 |   125 ||   168
